 Dungeon Crawl Stone Soup version 0.28.0-53-g5a82cb258f (webtiles) character file.

Game seed: 16148104507627990734

19 Eitelfritz the Chucker (level 2, 0/29 HPs)
             Began as an Ogre Hunter on Aug 19, 2022.
             Slain by a jackal (1 damage)
             ... on level 2 of the Dungeon.
             The game lasted 00:03:14 (1051 turns).

Eitelfritz the Chucker (Ogre Hunter)                Turns: 1051, Time: 00:03:15

Health: 0/29       AC:  3    Str: 15    XL:     2   Next: 75%
Magic:  2/2        EV:  9    Int: 12    God:
Gold:   35         SH:  0    Dex:  9    Spells: 1/1 levels left

rFire   . . .      SeeInvis .   a - +0 short sword
rCold   . . .      Faith    .   (no shield)
rNeg    . . .      Spirit   .   b - +0 robe
rPois   .          Reflect  .   (helmet restricted)
rElec   .          Harm     .   (no cloak)
rCorr   .          Rampage  .   (gloves unavailable)
Will    .....                   (boots unavailable)
Stlth   +.........              (no amulet)
HPRegen 0.09/turn               (no ring)
MPRegen 0.08/turn               (no ring)

@: no status effects
A: large, unfitting armour, tough skin 1
a: no special abilities


You were on level 2 of the Dungeon.
You visited 1 branch of the dungeon, and saw 2 of its levels.

You collected 35 gold pieces.

Inventory:

Hand Weapons
 a - a +0 short sword (weapon)
Missiles
 c - 4 large rocks (quivered)
 d - 2 throwing nets
Armour
 b - a +0 robe (worn)
Jewellery
 j - an amulet of magic regeneration
Scrolls
 e - a scroll of identify {unknown}
 k - a scroll of vulnerability {unknown}
Potions
 f - a potion of resistance {unknown}
 g - a potion of curing {unknown}
 h - 2 potions of heal wounds {unknown}
 i - a potion of lignification {unknown}


   Skills:
 + Level 2.6 Fighting
 + Level 4.7 Throwing
 + Level 1.7 Dodging
 + Level 0.6 Stealth


You had one spell level left.
You didn't know any spells.
Your spell library was empty.

Dungeon Overview and Level Annotations

Branches:
Dungeon (2/15)

Altars:


Innate Abilities, Weirdness & Mutations

You are too large for most types of armour.
You have tough skin. (AC +1)


Message History

The jackal bites you. The jackal closely misses you.
You miss the jackal.
The jackal is heavily wounded.
The jackal bites you but does no damage. x2
The jackal bites you. The jackal closely misses you.
You hit the jackal.
The jackal is almost dead.
The jackal bites you. The jackal closely misses you. The jackal bites you. x2
You hit the jackal.
You kill the jackal!
The jackal bites you. x2
The jackal bites you but does no damage.
The jackal barely misses you.
The jackal bites you but does no damage.
The jackal closely misses you. The jackal barely misses you.
The jackal bites you but does no damage.
The jackal barely misses you.
You see here a jackal corpse.
You hit the jackal but do no damage. The jackal bites you.
The jackal closely misses you.
The jackal bites you but does no damage.
The jackal bites you.
You closely miss the jackal. The jackal bites you. x3
* * * LOW HITPOINT WARNING * * *
The jackal barely misses you. The jackal bites you.
* * * LOW HITPOINT WARNING * * *
You barely miss the jackal.
The jackal bites you but does no damage.
The jackal barely misses you. The jackal bites you.
* * * LOW HITPOINT WARNING * * *
The jackal bites you.
* * * LOW HITPOINT WARNING * * *
You completely miss the jackal. The jackal closely misses you. x2
The jackal bites you but does no damage. x3
You completely miss the jackal.
The jackal bites you but does no damage. x3
The jackal bites you.
* * * LOW HITPOINT WARNING * * *
The jackal completely misses you. The jackal bites you.
You die...

#..# #.## ###..#
#..# #.#
.....########.###.#
###.......#
#..##.######.
###.......#
##.##........
..........#
#.##........
..........#
#..#........
..........#
##.#h.......
..........#
#<@†.......
..........#
##hh#######
..........# #...#
..........# ♣♣♣♣#
..........♣
.........♣


You could see 3 jackals.

Vanquished Creatures
  2 ball pythons
  5 endoplasms
  2 giant cockroaches (D:1)
  A goblin (D:2)
  A hobgoblin (D:1)
  A jackal (D:2)
  A kobold (D:1)
  2 frilled lizards (D:1)
15 creatures vanquished.

Notes
Turn   | Place    | Note
-------+----------+-------------------------------------------
     0 | D:1      | Eitelfritz the Ogre Hunter began the quest for the Orb.
     0 | D:1      | Reached XP level 1. HP: 22/22 MP: 1/1
   424 | D:1      | Reached XP level 2. HP: 28/29 MP: 2/2
  1048 | D:2      | HP: 1/29 [jackal (2)]
  1051 | D:2      | Slain by a jackal

Illustrated notes

Levels and vault maps discovered:
D:1:      lightli_arrival_boilingwater, layout_basic
D:2:      layout_basic, shapermc_ecumenical_altar_totnotflames, minmay_ruptured

Action                   || total
-------------------------++-------
Melee: Short sword       ||    70
Throw: Large rock        ||    18
Armor: Robe              ||    38
Dodge: Dodged            ||    40
